 Dungeon Sprint DCSS version 0.24.0-41-g2ae2f7f1be (webtiles) character file.

Game seed: 6349667324167103920, levelgen mode: deterministic

0 McKennaii the Skirmisher (level 2, 5/26 HPs)
             Began as a Demonspawn Fighter on Dec 10, 2019.
             Got out of the dungeon alive.
             The game lasted 00:00:23 (33 turns).

McKennaii the Skirmisher (Demonspawn Fighter)         Turns: 33, Time: 00:00:23

Health: 5/26       AC:  7    Str: 16    XL:     2   Next: 82%
Magic:  2/2        EV:  7    Int:  9    God:
Gold:   200        SH:  9    Dex: 12    Spells: 1/1 levels left

rFire    . . .     SeeInvis .   a - +0 war axe
rCold    . . .     Gourm    .   c - +0 shield
rNeg     . . .     Faith    .   b - +0 scale mail
rPois    .         Spirit   .   (helmet restricted)
rElec    .         Reflect  .   (no cloak)
rCorr    .         Harm     .   (no gloves)
MR       .....     NoTele   +   (no boots)
Stlth    ..........             (no amulet)
HPRegen  0.08/turn              (no ring)
MPRegen  0.08/turn              (no ring)

@: no status effects
A: horns 1
a: no special abilities


You escaped.
You were not hungry.

You visited 1 branch You collected 200 gold pieces.

Inventory:

Hand Weapons
 a - a +0 war axe (weapon)
Armour
 b - a +0 scale mail (worn)
 c - a +0 shield (worn)
Wands
 l - a wand of acid (5)
 m - a wand of iceblast (5)
Scrolls
 k - 4 scrolls of blinking
 n - 3 scrolls of fog
Potions
 d - a potion of might
 e - a potion of curing
 g - 4 potions of heal wounds
 h - 4 potions of haste
 i - 2 potions of magic
 j - a potion of berserk rage
 o - a potion of resistance
Comestibles
 f - a ration


   Skills:
 + Level 4.3 Fighting
 + Level 2.3 Axes
 + Level 3.9 Armour
 + Level 0.1 Dodging
 + Level 3.8 Shields


You had one spell level left.
You didn't know any spells.
Your spell library was empty.

Dungeon Overview and Level Annotations

Branches:
Dungeon (1/1)

Altars:
Dithmenos
Fedhas
Qazlal
Sif Muna
Trog
Beogh
Jiyva
Lugonu

Shops:
D *[%?


Innate Abilities, Weirdness & Mutations

You have a pair of small horns on your head.


Message History

You closely miss Terence.
Terence is severely wounded.
Terence hits you with a +4 falchion.
* * * LOW HITPOINT WARNING * * *
You slash Terence!
You kill Terence!
Your Fighting skill increases to level 4!
Your Axes skill increases to level 2!
Your Armour skill increases to level 3!
Your Shields skill increases to level 3!
You have reached level 2!
You feel monstrous as your demonic heritage exerts itself.
Your demonic ancestry asserts itself...
A pair of horns grows on your head!
There is a staircase leading out of the dungeon here.
You can't go down here!
Unknown command.
You can't go up here!
There is a staircase leading out of the dungeon here.
Are you sure you want to leave the Dungeon?
This will make you lose the game!
You have escaped!

#_......._#
###.........###
#⌠...........⌠#
######.8.........8.##
##∩_._......# ......_
###∩........8.# .8.....
#...).........###.......
#⌠..........###...#
#⌠..........# #.@.#
#⌠..........# #...#
##.............###..
###∩........8. .8..
##∩___......# ......
######.8.... ...8.#
#⌠.... ....⌠# ###. .###


There were no monsters in sight!

Vanquished Creatures
  Terence (D)
1 creature vanquished.

Notes
Turn   | Place    | Note
-------+----------+-------------------------------------------
     0 | D        | McKennaii the Demonspawn Fighter began the quest for the
                  | Orb.
     0 | D        | Reached XP level 1. HP: 18/18 MP: 1/1
     1 | D        | Found a shadowy altar of Dithmenos.
     1 | D        | Found a roughly hewn altar of Beogh.
     3 | D        | Found a bloodstained altar of Trog.
     3 | D        | Found a stormy altar of Qazlal.
     5 | D        | Found a blossoming altar of Fedhas.
     5 | D        | Found a corrupted altar of Lugonu.
     5 | D        | Round 1.
     6 | D        | Found Ceurul's Delicious Food.
     6 | D        | Found a viscous altar of Jiyva.
     6 | D        | Found a shimmering blue altar of Sif Muna.
     6 | D        | Found Josualog's Identification Station.
     7 | D        | Found Tyhorghau's Jewellery.
     7 | D        | Found Xiqibu's Advanced Armour.
     9 | D        | Noticed Terence
    18 | D        | Killed Terence
    18 | D        | Reached skill level 4 in Fighting
    18 | D        | Gained mutation: You have a pair of small horns on your
                  | head. [demonic ancestry]
    18 | D        | Reached XP level 2. HP: 4/26 MP: 2/2
    33 | D        | Got out of the dungeon alive.

Levels and vault maps discovered:
D:        arena_sprint

Skill      XL: |  1 |
---------------+----+-----
Fighting       | 4 |  4.3
Axes           | 2 |  2.3
Armour         | 3 |  3.9
Shields        | 3 |  3.8
Dodging        | |  0.1

Action                   || total
-------------------------++-------
Melee: War axe           ||     6
Armor: Scale mail        ||     1
Dodge: Dodged            ||     1
